 Dungeon Crawl Stone Soup version 0.30-a0-939-gc8157cb160 (webtiles) character file.

Game seed: 5015172655566544644

46 Delarado the Ruffian (level 3, -1/26 HPs)
             Began as an Octopode Fighter on Mar 24, 2023.
             Slain by a goblin
             ... wielding a +4 dagger
             ... led by Robin
              (10 damage)
             ... on level 1 of the Dungeon.
             The game lasted 00:04:04 (770 turns).

Delarado the Ruffian (Octopode Fighter)              Turns: 770, Time: 00:04:05

Health: -1/26      AC:  1    Str: 17    XL:     3   Next: 66%
Magic:  3/3        EV: 13    Int: 10    God:
Gold:   9          SH:  4    Dex: 11    Spells: 2/2 levels left

rFire   . . .      SeeInvis .      - Unarmed
rCold   . . .      Faith    .    a - +0 buckler
rNeg    . . .      Spirit   .    (helmet restricted)
rPois   .          Reflect  .    (no amulet)
rElec   .          Rampage  .    (no ring)
rCorr   .                        (no ring)
Will    .....                    (no ring)
Stlth   +++                      (no ring)
HPRegen 0.24/turn                (no ring)
MPRegen 0.08/turn                (no ring)
                                 (no ring)
                                 (no ring)

@: no status effects
A: almost no armour, amphibious, 8 rings, camouflage 1, gelatinous body 1,
(nimble swimmer 1), tentacles
a: no special abilities


You were on level 1 of the Dungeon.
You visited 1 branch of the dungeon, and saw 2 of its levels.

You collected 49 gold pieces.
You spent 40 gold pieces at shops.

Inventory:

Missiles
 i - 6 stones (quivered)
 j - 6 silver javelins
Armour
 a - a +0 buckler (worn)
Scrolls
 d - a scroll of fog {unknown}
 f - a scroll of teleportation
Potions
 b - a potion of might
 c - a potion of ambrosia
 e - a potion of invisibility
 g - a potion of brilliance {unknown}


   Skills:
 - Level 3.0 Fighting
 + Level 0.2 Throwing
 - Level 3.0 Dodging
 + Level 1.9 Stealth
 - Level 3.0 Shields
 + Level 3.5 Unarmed Combat


You had 2 spell levels left.
You didn't know any spells.
Your spell library was empty.

Dungeon Overview and Level Annotations

Branches:
Dungeon (2/15)

Altars:

Shops:
D:1 (:?!

Annotations:
D:2 Robin


Innate Abilities, Weirdness & Mutations

You cannot wear most types of armour.
You are amphibious.
You can wear up to eight rings at the same time.
Your skin changes colour to match your surroundings (Stealth+).
Your rubbery body absorbs attacks. (AC +1, EV +1)
((You are camouflaged when in or above water. (Stealth+)))
You have tentacles for arms and can constrict up to eight enemies at once.


Message History

Found a stone staircase leading down.
Found a ring mail.
Found a stone staircase leading down.
Found a scroll labelled WUGAMO GUEWUE.
The endoplasm freezes you.
You are frozen.
You tentacle-slap the endoplasm but do no damage.
The endoplasm freezes you.
You are frozen.
You tentacle-slap the endoplasm but do no damage.
You squeeze the endoplasm.
You kill the endoplasm!
No target in view!
You now have 9 gold pieces (gained 6).
d - a scroll labelled WUGAMO GUEWUE You enter the shallow water.
Done exploring.
There is an escape hatch in the floor here.
You see here a +0 cloak.
There is a stone staircase leading down here.
You climb downwards.
The goblin shouts!
Robin shouts!
The goblin shouts! x3
There is a stone staircase leading up here.
The goblin shouts!
The hobgoblin shouts!
The goblin barely misses you.
Robin says, "My goblins will feast on your bones."
Robin roars a battlecry!
The goblins go into a battle-frenzy!
You block the goblin's attack.
You climb upwards.
There is a stone staircase leading down here.
You completely miss the goblin. Your grab misses the goblin.
Your squeeze misses the goblin. The goblin hits you with a +0 club.
The goblin closely misses you. The goblin attacks as you move away!
You block the goblin's attack. The goblin barely misses you.
The goblin attacks as you move away! The goblin hits you with a +0 club!
The goblin attacks as you move away! The goblin hits you with a +4 dagger.
The goblin attacks as you move away! The goblin completely misses you.
The goblin attacks as you move away! The goblin hits you with a +4 dagger!
You die...

########## #........#
#........# ##########
#........# #........#
##...†....# #........#
##.........# #........#
#..........#
#.....∩..####.#........#
#........#...@#....)...#
#........#..gg#####.####
###........#....#
#.#########
#...####.#÷.....#
#.........#
##..####.##...).#
#.........#
##......#......#
#.........#
##............#
#....))...#
####..#.#.#...>#
###.........#
#.......#.....[#
#...........#


You could see 2 goblins.

Vanquished Creatures
  A dart slug (D:1)
  6 bats (D:1)
  4 endoplasms (D:1)
  A giant cockroach (D:1)
  A goblin (D:1)
  3 hobgoblins (D:1)
  6 jackals (D:1)
  6 kobolds (D:1)
  A quokka (D:1)
  3 ball pythons (D:1)
  A frilled lizard (D:1)
  3 rats (D:1)
36 creatures vanquished.

Notes
Turn   | Place    | Note
-------+----------+-------------------------------------------
     0 | D:1      | Delarado the Octopode Fighter began the quest for the Orb.
     0 | D:1      | Reached XP level 1. HP: 16/16 MP: 1/1
    12 | D:1      | Found Baolaish's Antique Weapon Shop.
   145 | D:1      | Reached skill level 1 in Stealth
   145 | D:1      | Reached XP level 2. HP: 21/21 MP: 2/2
   157 | D:1      | Found Daim's Weapon Boutique.
   221 | D:1      | Found Buhat's Book Shoppe.
   339 | D:1      | Reached XP level 3. HP: 26/26 MP: 3/3
   477 | D:1      | Found Guxky's Distillery.
   542 | D:1      | Found Mohefyrph's Magic Scroll Emporium.
   561 | D:1      | Bought a scroll of identify for 20 gold pieces
   561 | D:1      | Bought a scroll of identify for 20 gold pieces
   759 | D:2      | Noticed Robin
   770 | D:1      | Slain by a goblin

Illustrated notes

Levels and vault maps discovered:
D:1:      dpeg_arrival_shelter, layout_rooms, serial_shops,
          nicolae_lakefront_shop, nicolae_shop_waterfront,
          nicolae_shop_bloodbath_and_beyond, shop, shop, minmay_pentomino_q4
D:2:      layout_loops_ring, lexackson_kobold_supper, uniq_sigmund, uniq_robin,
          uniq_jessica

Skill      XL: |  1  2 |
---------------+-------+-----
Stealth        | 1 |  1.9
Unarmed Combat | 3 |  3.5
Fighting       | |  3.0
Throwing       | |  0.2
Dodging        | |  3.0
Shields        | |  3.0

Action                     || total
---------------------------++-------
  Melee: Unarmed           ||    76
         Constrict         ||    25
         Tentacles         ||    20
  Throw: Stone             ||     7
    Use: Scroll            ||     5
   Stab: Sleeping          ||     3
 Armour: Skin              ||     5
  Dodge: Dodged            ||    41
  Block: Buckler           ||    20

Table legend: (Time is in decaauts)
 A = Elapsed time spent in this place.
 B = Non-inter-level travel time spent in this place.
 C = Inter-level travel time spent in this place.
 D = Time resting spent in this place.
 E = Time spent auto-exploring this place.
 F = Levels seen in this place.
 G = Mean time per level.
                   A        B        C        D        E       F      G
               +--------+--------+--------+--------+--------+-----+--------+
         Total |    768 |    746 |     22 |     44 |    405 |   2 |  384.0 |
       Dungeon |    768 |    746 |     22 |     44 |    405 |   2 |  384.0 |
               +--------+--------+--------+--------+--------+-----+--------+

Top non-repeatable levels by time:
     D:1: 767 daAuts
     D:2: 1 daAuts
